XFBL
CINCINNATI REDS @ LOS ANGELES DODGERS
09/27/1982
 
TOP OF THE 1ST
Cincinnati Reds batting - Pitching for Los Angeles Dodgers : LHP Dave Righetti
Pitching: LHP Dave Righetti
Batting: RHB John Damon 0-0: SINGLE (Groundball, 34S, EV 86.9 MPH) (infield hit)
Batting: RHB Marco Mosquera 0-0: Called Strike
John Damon is caught stealing 2nd base 2-4
0-1: Ball
1-1: Ball
2-1: Foul Ball, location: 2F
2-2: Ball
3-2: Ground out 6-3 (Groundball, 6, EV 109.4 MPH)
Batting: RHB Gary Matthews 0-0: Called Strike
0-1: Foul Ball, location: 2F
0-2: Ball
1-2: Strikes out swinging
Top of the 1st over - 0 runs, 1 hit, 0 errors, 0 left on base; Cincinnati 0 - Los Angeles 0
BOTTOM OF THE 1ST
Los Angeles Dodgers batting - Pitching for Cincinnati Reds : RHP Tony Guzman
Pitching: RHP Tony Guzman
Batting: RHB Billy Sample 0-0: Hit by Pitch
Batting: RHB Carney Lansford 0-0: Ball
1-0: Sac Bunt to 15S - play at first, batter OUT! 1-3
Billy Sample to second
Batting: RHB Jerry Keller 0-0: Ball
1-0: Ball
2-0: Ball
3-0: Called Strike
3-1: Base on Balls
Batting: RHB Dick Davis 0-0: Fly out, F9 (Flyball, 9LM, EV 86.3 MPH)
Batting: RHB Barry Evans 0-0: Ball
1-0: Ball
2-0: Ball
3-0: Base on Balls
Billy Sample to third
Jerry Keller to second
Batting: LHB Darren Daulton 0-0: Foul Ball, location: 2F
0-1: Ball
1-1: Foul Ball, location: 2F
1-2: Foul Ball, location: 2F
1-2: Ball
2-2: Ball
3-2: SINGLE (Line Drive, 78M, EV 108.1 MPH)
Billy Sample scores
Jerry Keller to third
Barry Evans to second
Jerry Keller scores
Barry Evans to third
Batting: SHB Spike Owen 0-0: Ball
1-0: Foul Ball, location: 2F
1-1: Ball
2-1: Foul Ball, location: 2F
2-2: SINGLE (Groundball, 4D, EV 105.0 MPH)
Barry Evans scores
Darren Daulton to second
Runner from 2nd tries for 3rd, SAFE, throw by RF made to third
Batting: RHB Roberto Reyes 0-0: Called Strike
0-1: Ball
1-1: Ball
2-1: Foul Ball, location: 2F
2-2: Foul Ball, location: 2F
2-2: 3-RUN HOME RUN (Flyball, 78XD, EV 94.4 MPH), Distance : 428 ft
Batting: LHB Dave Righetti 0-0: Ball
1-0: Ball
2-0: Foul Ball, location: 2F
2-1: Swinging Strike
2-2: Ball
3-2: Ground out 6-3 (Groundball, 6M, EV 86.9 MPH)
Bottom of the 1st over - 6 runs, 3 hits, 0 errors, 0 left on base; Cincinnati 0 - Los Angeles 6
TOP OF THE 2ND
Cincinnati Reds batting - Pitching for Los Angeles Dodgers : LHP Dave Righetti
Batting: LHB Mike Easler 0-0: Foul Ball, location: 2F
0-1: Called Strike
0-2: Ball
1-2: Ball
2-2: Foul Ball, location: 2F
2-2: Strikes out swinging
Batting: RHB Nick Deurloo 0-0: Foul Ball, location: 2F
0-1: Foul Ball, location: 2F
0-2: DOUBLE (Line Drive, 8RXD, EV 110.0 MPH)
Batting: LHB Darrell Evans 0-0: Ball
1-0: Called Strike
1-1: Foul Ball, location: 2F
1-2: Strikes out looking
Batting: RHB John Malkin 0-0: Ball
1-0: Foul Ball, location: 2F
1-1: Ball
2-1: Foul Ball, location: 2F
2-2: Strikes out swinging
Top of the 2nd over - 0 runs, 1 hit, 0 errors, 1 left on base; Cincinnati 0 - Los Angeles 6
BOTTOM OF THE 2ND
Los Angeles Dodgers batting - Pitching for Cincinnati Reds : RHP Tony Guzman
Batting: RHB Billy Sample 0-0: SOLO HOME RUN (Flyball, 78XD, EV 102.5 MPH), Distance : 437 ft
Pitching: RHP Mike Rowland
Batting: RHB Carney Lansford 0-0: Swinging Strike
0-1: Foul Ball, location: 2F
0-2: Ball
1-2: Foul Ball, location: 2F
1-2: Strikes out swinging
Batting: RHB Jerry Keller 0-0: Called Strike
0-1: Fly out, F8 (Flyball, 8RM, EV 76.3 MPH)
Batting: RHB Dick Davis 0-0: Foul Ball, location: 2F
0-1: Ball
1-1: Foul Ball, location: 2F
1-2: Ball
2-2: Ball
3-2: Fly out, F8 (Flyball, 8RS, EV 94.4 MPH)
Bottom of the 2nd over - 1 run, 1 hit, 0 errors, 0 left on base; Cincinnati 0 - Los Angeles 7
TOP OF THE 3RD
Cincinnati Reds batting - Pitching for Los Angeles Dodgers : LHP Dave Righetti
Batting: RHB Jesus Alfaro 0-0: Called Strike
0-1: Foul Ball, location: 2F
0-2: Ball
1-2: Ball
2-2: Ball
3-2: Ground out 1-3 (Groundball, 34S, EV 67.5 MPH)
Batting: RHB Mike Rowland 0-0: Ball
1-0: Foul Ball, location: 2F
1-1: Swinging Strike
1-2: Strikes out looking
Batting: RHB John Damon 0-0: Ball
1-0: Called Strike
1-1: Foul Ball, location: 2F
1-2: Ball
2-2: Foul Ball, location: 2F
2-2: DOUBLE (Line Drive, 3D, EV 111.3 MPH)
Batting: RHB Marco Mosquera 0-0: Ball
1-0: Foul Ball, location: 2F
1-1: Foul Ball, location: 2F
1-2: Fly out, F7 (Flyball, 7LS, EV 90.6 MPH)
Top of the 3rd over - 0 runs, 1 hit, 0 errors, 1 left on base; Cincinnati 0 - Los Angeles 7
BOTTOM OF THE 3RD
Los Angeles Dodgers batting - Pitching for Cincinnati Reds : RHP Mike Rowland
Batting: RHB Barry Evans 0-0: Ball
1-0: Ground out U3 (Groundball, 34S, EV 88.8 MPH)
Batting: LHB Darren Daulton 0-0: Swinging Strike
0-1: Foul Ball, location: 2F
0-2: Foul Ball, location: 2F
0-2: SINGLE (Groundball, 34D, EV 98.8 MPH)
Batting: SHB Spike Owen 0-0: Ball
Darren Daulton steals 2nd base
1-0: Foul Ball, location: 2F
1-1: Ball
2-1: Ball
3-1: Foul Ball, location: 2F
3-2: SINGLE (Groundball, 4M, EV 85.6 MPH) (infield hit)
Darren Daulton to third
Batting: RHB Roberto Reyes 0-0: Called Strike
0-1: Ball
1-1: Fly out, F7 (Flyball, 78M, EV 92.5 MPH)
Throwing error, E7
Darren Daulton scores
Spike Owen to second
Batting: LHB Dave Righetti 0-0: Called Strike
0-1: Foul Ball, location: 2F
0-2: Ball
1-2: Ball
2-2: Fly out, F6 (Popup, 6, EV 65.6 MPH)
Bottom of the 3rd over - 1 run, 2 hits, 1 error, 1 left on base; Cincinnati 0 - Los Angeles 8
TOP OF THE 4TH
Cincinnati Reds batting - Pitching for Los Angeles Dodgers : LHP Dave Righetti
Batting: RHB Gary Matthews 0-0: Called Strike
0-1: Foul Ball, location: 2F
0-2: Ground out 4-3 (Groundball, 4, EV 86.3 MPH)
Batting: LHB Mike Easler 0-0: Ball
1-0: SINGLE (Groundball, 4MD, EV 95.0 MPH)
Batting: RHB Nick Deurloo 0-0: Fly out, F9 (Flyball, 89D, EV 96.3 MPH)
Batting: LHB Darrell Evans 0-0: Ball
1-0: Ball
2-0: Ball
3-0: Base on Balls
Mike Easler to second
Batting: RHB John Malkin 0-0: Called Strike
0-1: Ball
1-1: Swinging Strike
1-2: Foul Ball, location: 2F
1-2: Strikes out looking
Top of the 4th over - 0 runs, 1 hit, 0 errors, 2 left on base; Cincinnati 0 - Los Angeles 8
BOTTOM OF THE 4TH
Los Angeles Dodgers batting - Pitching for Cincinnati Reds : RHP Mike Rowland
Batting: RHB Billy Sample 0-0: Called Strike
0-1: Ball
1-1: Foul Ball, location: 2F
1-2: Ball
2-2: Foul Ball, location: 2F
2-2: Ground out 6-3 (Groundball, 6M, EV 80.6 MPH)
Batting: RHB Carney Lansford 0-0: Fly out, F6 (Popup, 6MD, EV 67.5 MPH)
Batting: RHB Jerry Keller 0-0: Ball
1-0: Ball
2-0: Ball
3-0: Base on Balls
Pitching: RHP Ramon Beltran
Batting: RHB Dick Davis 0-0: Called Strike
0-1: Ball
1-1: Foul Ball, location: 2F
1-2: Foul Ball, location: 2F
1-2: Ball
2-2: Foul Ball, location: 2F
2-2: SINGLE (Flyball, 56D, EV 85.0 MPH)
Jerry Keller to second
Batting: RHB Barry Evans 0-0: Called Strike
0-1: Fielders Choice at 2nd, 6-4 (Groundball, 56, EV 81.3 MPH)
Bottom of the 4th over - 0 runs, 1 hit, 0 errors, 2 left on base; Cincinnati 0 - Los Angeles 8
TOP OF THE 5TH
Cincinnati Reds batting - Pitching for Los Angeles Dodgers : LHP Dave Righetti
Batting: RHB Jesus Alfaro 0-0: Foul Ball, location: 2F
0-1: Fly out, F8 (Line Drive, 8RD, EV 88.1 MPH)
Batting: RHB Ramon Beltran 0-0: Called Strike
0-1: Foul Ball, location: 2F
0-2: Strikes out looking
Batting: RHB John Damon 0-0: Ball
1-0: Called Strike
1-1: Ball
2-1: Ball
3-1: Base on Balls
Batting: RHB Marco Mosquera 0-0: Fielders Choice at 2nd, 6-4 (Groundball, 6, EV 88.8 MPH)
Top of the 5th over - 0 runs, 0 hits, 0 errors, 1 left on base; Cincinnati 0 - Los Angeles 8
BOTTOM OF THE 5TH
Los Angeles Dodgers batting - Pitching for Cincinnati Reds : RHP Ramon Beltran
Batting: LHB Darren Daulton 0-0: Swinging Strike
0-1: Ball
1-1: Ball
2-1: Swinging Strike
2-2: Strikes out swinging
Batting: SHB Spike Owen 0-0: Ball
1-0: Called Strike
1-1: Ball
2-1: SINGLE (Line Drive, 89M, EV 96.9 MPH)
Batting: RHB Roberto Reyes 0-0: Ball
1-0: Called Strike
1-1: Called Strike
1-2: Ball
2-2: Ball
3-2: Foul Ball, location: 2F
3-2: SINGLE (Groundball, 5D, EV 104.4 MPH)
Spike Owen to second
Batting: LHB Dave Righetti 0-0: Sac Bunt to P - play at first, batter OUT! 1-4
Spike Owen to third
Roberto Reyes to second
Batting: RHB Billy Sample 0-0: Ball
1-0: Fly out, F6 (Popup, 4MD, EV 60.6 MPH)
Bottom of the 5th over - 0 runs, 2 hits, 0 errors, 2 left on base; Cincinnati 0 - Los Angeles 8
TOP OF THE 6TH
Cincinnati Reds batting - Pitching for Los Angeles Dodgers : LHP Dave Righetti
Batting: RHB Gary Matthews 0-0: Ball
1-0: Called Strike
1-1: Called Strike
1-2: Ball
2-2: Foul Ball, location: 2F
2-2: Ball
3-2: Base on Balls
Batting: LHB Mike Easler 0-0: Fly out, F5 (Line Drive, 5, EV 62.5 MPH)
Batting: RHB Nick Deurloo 0-0: Called Strike
0-1: Ball
1-1: Ball
2-1: SINGLE (Line Drive, 6MD, EV 104.4 MPH)
Gary Matthews to second
Batting: LHB Darrell Evans 0-0: Foul Ball, location: 2F
0-1: Foul Ball, location: 2F
0-2: Foul Ball, location: 2F
0-2: Grounds into double play, 4-6-3 (Groundball, 4, EV 88.1 MPH)
Top of the 6th over - 0 runs, 1 hit, 0 errors, 1 left on base; Cincinnati 0 - Los Angeles 8
BOTTOM OF THE 6TH
Los Angeles Dodgers batting - Pitching for Cincinnati Reds : RHP Ramon Beltran
Batting: RHB Carney Lansford 0-0: Called Strike
0-1: Ball
1-1: Called Strike
1-2: Ball
2-2: Ball
3-2: Fly out, F7 (Flyball, 7S, EV 88.1 MPH)
Batting: RHB Jerry Keller 0-0: Ball
1-0: Called Strike
1-1: Foul Ball, location: 2F
1-2: Ground out 4-3 (Groundball, 4M, EV 106.9 MPH)
Batting: RHB Dick Davis 0-0: Ball
1-0: Fly out, F8 (Line Drive, 8LM, EV 91.9 MPH)
Bottom of the 6th over - 0 runs, 0 hits, 0 errors, 0 left on base; Cincinnati 0 - Los Angeles 8
TOP OF THE 7TH
Cincinnati Reds batting - Pitching for Los Angeles Dodgers : LHP Dave Righetti
Batting: RHB John Malkin 0-0: Ball
1-0: Called Strike
1-1: Ball
2-1: Ball
3-1: Ground out 3-1 (Groundball, 34, EV 77.5 MPH)
Batting: RHB Jesus Alfaro 0-0: Foul Ball, location: 2F
0-1: Foul Ball, location: 2F
0-2: Foul Ball, location: 2F
0-2: Ball
1-2: Foul Ball, location: 2F
1-2: Ball
2-2: Ball
3-2: Foul Ball, location: 2F
3-2: Fly out, F8 (Flyball, 8LXD, EV 105.6 MPH)
Batting: RHB Ramon Beltran 0-0: Called Strike
0-1: Called Strike
0-2: Ball
1-2: Strikes out swinging
Top of the 7th over - 0 runs, 0 hits, 0 errors, 0 left on base; Cincinnati 0 - Los Angeles 8
BOTTOM OF THE 7TH
Los Angeles Dodgers batting - Pitching for Cincinnati Reds : RHP Ramon Beltran
Pinch Hitting: RHB Tom Watkins 0-0: Foul Ball, location: 2F
0-1: Ball
1-1: Ball
2-1: SOLO HOME RUN (Flyball, 7D, EV 106.3 MPH), Distance : 400 ft
Batting: LHB Darren Daulton 0-0: Called Strike
0-1: Ball
1-1: Ball
2-1: Foul Ball, location: 2F
2-2: Fly out, F8 (Flyball, 8RS, EV 82.5 MPH)
Batting: SHB Spike Owen 0-0: Hit by Pitch
Pitching: LHP Pat Underwood
Batting: RHB Roberto Reyes 0-0: Swinging Strike
0-1: Ball
1-1: Grounds into double play, 6-4-3 (Groundball, 6, EV 100.6 MPH)
Bottom of the 7th over - 1 run, 1 hit, 0 errors, 0 left on base; Cincinnati 0 - Los Angeles 9
TOP OF THE 8TH
Cincinnati Reds batting - Pitching for Los Angeles Dodgers : LHP Dave Righetti
Now at 2B: Tom Watkins
Batting: RHB John Damon 0-0: Called Strike
0-1: Ground out 6-3 (Groundball, 6, EV 84.4 MPH)
Batting: RHB Marco Mosquera 0-0: Called Strike
0-1: Ball
1-1: Ball
2-1: Foul Ball, location: 2F
2-2: Fly out, F4 (Popup, 4MD, EV 68.8 MPH)
Batting: RHB Gary Matthews 0-0: Swinging Strike
0-1: Foul Ball, location: 2F
0-2: Foul Ball, location: 2F
0-2: Strikes out looking
Top of the 8th over - 0 runs, 0 hits, 0 errors, 0 left on base; Cincinnati 0 - Los Angeles 9
BOTTOM OF THE 8TH
Los Angeles Dodgers batting - Pitching for Cincinnati Reds : LHP Pat Underwood
Batting: LHB Dave Righetti 0-0: Ground out 5-3 (Groundball, 5S, EV 80.6 MPH)
Batting: RHB Billy Sample 0-0: Called Strike
0-1: Swinging Strike
0-2: Ball
1-2: Ball
2-2: Foul Ball, location: 2F
2-2: Ball
3-2: Base on Balls
Batting: RHB Carney Lansford 0-0: Ball
1-0: SINGLE (Line Drive, 8LS, EV 103.8 MPH)
Billy Sample to second
Batting: RHB Jerry Keller 0-0: Fly out, F8 (Flyball, 8LD, EV 86.3 MPH)
Batting: RHB Dick Davis 0-0: Called Strike
0-1: Foul Ball, location: 2F
0-2: Ball
1-2: Foul Ball, location: 2F
1-2: Fielders Choice at 2nd, 6-4 (Groundball, 6, EV 87.5 MPH)
Bottom of the 8th over - 0 runs, 1 hit, 0 errors, 2 left on base; Cincinnati 0 - Los Angeles 9
TOP OF THE 9TH
Cincinnati Reds batting - Pitching for Los Angeles Dodgers : LHP Dave Righetti
Batting: LHB Mike Easler 0-0: Ball
1-0: Ball
2-0: Fly out, F7 (Flyball, 78M, EV 91.3 MPH)
Batting: RHB Nick Deurloo 0-0: Ball
1-0: Called Strike
1-1: Ball
2-1: Foul Ball, location: 2F
2-2: Ball
3-2: Foul Ball, location: 2F
3-2: Base on Balls
Batting: LHB Darrell Evans 0-0: Ball
1-0: Called Strike
1-1: Fly out, F8 (Flyball, 8RS, EV 89.4 MPH)
Batting: RHB John Malkin 0-0: Fly out, F4 (Popup, 4, EV 66.3 MPH)
Top of the 9th over - 0 runs, 0 hits, 0 errors, 1 left on base; Cincinnati 0 - Los Angeles 9
Thursday, September 3rd, 2020 - OOTP Baseball 21.5 Build 76